 Dungeon Crawl Stone Soup version 0.21-a0-444-g29a2fec (webtiles) character file.

6383 theanonym the Archer (level 10, 22/94 HPs)
             Began as a Centaur Hunter on Nov 17, 2017.
             Was a Follower of Cheibriados.
             Quit the game on level 10 of the Dungeon.
             The game lasted 00:29:19 (13122 turns).

theanonym the Archer (Centaur Hunter)              Turns: 13122, Time: 00:29:20

Health: 22/94      AC: 10    Str: 21    XL:     10   Next: 65%
Magic:  10/10      EV: 17    Int: 12    God:    Cheibriados [*.....]
Gold:   380        SH:  0    Dex: 16    Spells: 9/9 levels left

rFire    . . .     SeeInvis .   a - +1 shortbow
rCold    . . .     Gourm    .   (shield currently unavailable)
rNeg     . . .     Faith    .   c - +0 leather armour
rPois    .         Spirit   .   p - +1 helmet
rElec    .         Reflect  .   (no cloak)
rCorr    .         Harm     .   (no gloves)
MR       .....                  (no barding)
Stlth    ++........             (no amulet)
HPRegen  0.25/turn              g - +4 ring of protection
MPRegen  0.12/turn              (no ring)

@: agile, very slightly contaminated, invisible, slow
A: hooves 3, deformed body, speed 2, tough skin 3
a: Bend Time, Renounce Religion


Innate Abilities, Weirdness & Mutations

You have hooves in place of feet.
Armour fits poorly on your strangely shaped body.
You cover ground very quickly.
You have extremely tough skin. (AC +3)


   Skills:
 + Level 10.8 Fighting
 - Level 14.0 Bows
 + Level 4.9 Dodging
 - Level 0.4 Stealth


You had 9 spell levels left.
You didn't know any spells.

Skill      XL: |  1  2  3  4  5  6  7  8  9 10 |
---------------+-------------------------------+-----
Bows           | 6 7 8 9 10 11 12 14 | 14.0
Fighting       | 3 5 7 9 10 | 10.8
Dodging        | 2 4 |  4.9
Stealth        | |  0.4

Action                   |  1- 3 |  4- 6 |  7- 9 | 10-12 || total
-------------------------+-------+-------+-------+-------++-------
Melee: Short sword       |   124 |    60 |       |       ||   184
       Kick              |    23 |    45 |   119 |    30 ||   217
       Dagger            |       |   144 |   462 |   120 ||   726
 Fire: Shortbow          |     1 |    82 |    60 |   103 ||   246
  Use: Scroll            |       |    11 |     8 |     8 ||    27
       Potion            |       |     3 |     2 |    11 ||    16
  Eat: Chunk             |     1 |     8 |    14 |     3 ||    26
       Fruit             |       |       |     5 |     2 ||     7
       Bread ration      |       |       |     3 |       ||     3
Armor: Leather armour    |    54 |   100 |   205 |    65 ||   424
Dodge: Dodged            |    70 |   125 |   197 |   100 ||   492

Inventory:

Hand Weapons
 a - a +1 shortbow (weapon)
 b - a +3 dagger of freezing
   (You took it off a goblin on level 3 of the Dungeon)
 u - a +2 dagger of venom
   (You took it off a goblin on level 2 of the Dungeon)
Missiles
 l - 29 bolts
 v - 13 arrows (quivered)
Armour
 c - a +0 leather armour (worn)
 p - a +1 helmet (worn)
   (You found it on level 2 of the Dungeon)
Jewellery
 g - a +4 ring of protection (left hand)
   (You took it off a goblin on level 2 of the Dungeon)
 w - an uncursed amulet of magic regeneration {unknown}
   (You found it on level 8 of the Dungeon)
Scrolls
 r - 4 scrolls of identify
 s - 5 scrolls of remove curse
 x - a scroll of immolation
 A - a scroll of magic mapping {!r}
 B - a scroll of recharging
Potions
 e - 3 potions of brilliance
 h - 2 potions of flight
 q - 2 potions of degeneration
Books
 i - a book of Minor Magic
   (You found it on level 4 of the Dungeon)

   Spells                             Type                      Level
   a - Magic Dart                     Conjuration                  1
   b - Blink                          Translocation                2
   c - Call Imp                       Summoning                    2
   d - Slow                           Hexes                        2
   e - Conjure Flame                  Conjuration/Fire             3
   f - Mephitic Cloud                 Conjuration/Poison/Air       3
 n - a book of Callings
   (You found it on level 4 of the Dungeon)

   Spells                             Type                      Level
   a - Summon Small Mammal            Summoning                    1
   b - Call Imp                       Summoning                    2
   c - Call Canine Familiar           Summoning                    3
   d - Summon Guardian Golem          Hexes/Summoning              3
   e - Summon Lightning Spire         Summoning/Air                4
   f - Summon Ice Beast               Ice/Summoning                4
Comestibles
 k - a fruit
 o - 8 meat rations
 E - 12 royal jellies

Dungeon Overview and Level Annotations

Branches:
Dungeon (10/15)            Temple (1/1) D:5            Lair (0/6) D:10
    Orc: D:9-12

Altars:
Ashenzari
Cheibriados
Dithmenos
Elyvilon
Fedhas
Gozag
Hepliaklqana
Kikubaaqudgha
Makhleb
Nemelex Xobeh
Okawaru
Qazlal
Ru
Sif Muna
Trog
Uskayaw
Vehumet
Wu Jian
Xom
Yredelemnul
Zin
The Shining One

Shops:
D:9 *

Annotations:
D:9 Ajdolov's ghost, journeyman TrMo; Joseph


You were on level 10 of the Dungeon.
You worshipped Cheibriados.
Cheibriados was aware of your devotion.
You were not hungry.

You visited 2 branches of the dungeon, and saw 11 of its levels.

You collected 380 gold pieces.


Message History

You hit the shadow imp. Your kick misses the shadow imp.
The shadow imp shouts, "Beg for mercy, thou craven beef-witted slabber!"
The shadow imp barely misses you.
You barely miss the shadow imp. You kick the shadow imp.
The shadow imp closely misses you.
You hit the shadow imp but do no damage.
The shadow imp barely misses you.
You hit the shadow imp. The shadow imp barely misses you.
You hit the shadow imp. You kick the shadow imp.
You kill the shadow imp!
Cheibriados appreciates the change of pace.
No target in view!
No target in view!
Found an escape hatch in the floor.
A water moccasin skeleton comes into view.
No target in view!
No target in view!
A kobold comes into view.
It is wielding a short sword. 2 kobolds come into view.
The kobold shouts!
You hear a shout!
The water moccasin skeleton bites you.
The kobold throws a stone.
The stone misses you.
You see here a stone.
You take 5 damage, and have 89/94 hp.
You hit the water moccasin skeleton.
The water moccasin skeleton bites you but does no damage.
The kobold throws a stone.
The stone hits you but does no damage.
The water moccasin skeleton bites you but does no damage.
You hit the water moccasin skeleton but do no damage.
You kick the water moccasin skeleton. The water moccasin skeleton bites you.
A big kobold comes into view. It is wielding a whip.
You take 4 damage, and have 85/94 hp.
Joseph shouts!
You hit the water moccasin skeleton. You kick the water moccasin skeleton!
You hear an angry hiss.
The water moccasin skeleton bites you but does no damage.
A kobold comes into view. It is wielding a whip.
You aren't carrying any items that you can evoke.
Unknown command.
The kobold throws a stone.
The stone barely misses you.
Joseph says, "It's nothing personal, but I have to kill you."
The water moccasin skeleton bites you but does no damage.
The water moccasin skeleton bites you but does no damage.
The water moccasin skeleton closely misses you.
There is an escape hatch in the floor here.
The water moccasin skeleton bites you.
You slide downwards.
The hatch slams shut behind you. 6 yaks, 3 orcs, an orc wizard and a troll come into view.
The death yak bellows!
The yak bellows! x5; The orc wizard shouts!
The orc shouts! x3; The troll shouts!
You hear a bellow!
Something shouts, "Scamper home, thou foisting wibble-sucking scut!"
Found four items.
Found a staircase to the Lair.
You take 4 damage, and have 84/94 hp.
You can't go up here!
Blink to where?
You are very lightly contaminated with residual magic.
As you read the scroll of blinking, it crumbles to dust. 2 death yaks and a shadow imp come into view.
The death yak bellows! x2; The shadow imp shouts!
The shadow imp shouts, "Slither hence, thou errant rude-growing lewdster!"
The death yak moves out of view.
Your +3 dagger of freezing stops glowing.
a - a +1 shortbow (weapon)
Aim: a death yak You shoot an arrow.
The arrow barely misses the death yak.
The arrow hits the yak.
Aim: a death yak You shoot an arrow.
The arrow hits the death yak.
The death yak gores you!!
You take 19 damage, and have 66/94 hp.
MASSIVE DAMAGE!!
Aim: a death yak You shoot an arrow.
The arrow hits the death yak.
The yak falls through a shaft!
The shaft crumbles and collapses.
Aim: a death yak (lightly wounded)
You shoot an arrow. The arrow barely misses the death yak.
The arrow hits the death yak!
The death yak gores you.
You take 5 damage, and have 61/94 hp.
You are too injured to fight recklessly!
You are too injured to fight recklessly!
You are too injured to fight recklessly!
You feel agile all of a sudden. The death yak gores you!
* * * LOW HITPOINT WARNING * * *
You take 16 damage, and have 45/94 hp.
Aim: a death yak (lightly wounded)
You shoot an arrow. The arrow hits the death yak.
The shadow imp sputters.
Aim: a death yak (lightly wounded)
You shoot an arrow. The arrow hits the death yak.
The death yak gores you!!
* * * LOW HITPOINT WARNING * * *
You take 26 damage, and have 19/94 hp.
MASSIVE DAMAGE!!
Okay, then.
It was a potion of invisibility.
You fade into invisibility!
The yak snorts and paws the ground.
The death yak barely misses you.
A gargoyle comes into view. It is wielding a mace.
Found a scroll labeled JIXUEB XEELA.
The death yak closely misses you.
An iguana comes into view.
The shadow imp hits you but does no damage.

#.# #.# ####.###.###
#........... #....##
#.##.###.## #.....#
#.##.#
#####...#.###.##Y# #
........#..Y#Y##o#.#.###
....).......TY..@.....l.
....o..T...oYYY5.#......
.............o#.....####
......oo..............
..?o...#..(..>......#.#
.......#.....?........#
.)...###..............#
..... Y...........#.#
#### #.#....


You could see 3 death yaks, 4 yaks, a troll, an iguana (wandering), an orc
wizard, a shadow imp and 2 orcs.

Notes
Turn   | Place    | Note
-------+----------+-------------------------------------------
     0 | D:1      | theanonym the Centaur Hunter began the quest for the Orb.
     0 | D:1      | Reached XP level 1. HP: 17/17 MP: 1/1
   243 | D:1      | Reached skill level 6 in Bows
   243 | D:1      | Reached XP level 2. HP: 21/24 MP: 2/2
   805 | D:2      | Reached XP level 3. HP: 21/29 MP: 3/3
  1030 | D:2      | Reached skill level 7 in Bows
  1442 | D:2      | Reached XP level 4. HP: 30/36 MP: 4/4
  2138 | D:3      | Reached skill level 8 in Bows
  2183 | D:2      | HP: 18/36 [goblin/dagger of venom (1)]
  2331 | D:3      | Reached XP level 5. HP: 40/41 MP: 5/5
  2347 | D:3      | Noticed Robin
  2379 | D:3      | Killed Robin
  2380 | D:3      | HP: 18/41 [orc/hand axe (3)]
  2727 | D:3      | HP: 16/41 [orc priest/mace (6)]
  2730 | D:3      | Reached skill level 9 in Bows
  3036 | D:3      | Found a blossoming altar of Fedhas.
  3151 | D:3      | Found an opulent altar of Gozag.
  3400 | D:3      | Reached XP level 6. HP: 42/50 MP: 6/6
  3681 | D:4      | Reached skill level 3 in Fighting
  3844 | D:4      | Noticed a slave
  3845 | D:4      | Noticed a slave
  3858 | D:4      | Noticed a slave
  3861 | D:4      | Noticed a slave
  3871 | D:4      | Killed a slave
  3875 | D:4      | Killed a slave
  3878 | D:4      | HP: 25/51 [slave[Pikel] (3)]
  3879 | D:4      | Killed a slave
  3885 | D:4      | HP: 21/51 [slave[Pikel] (6)]
  3889 | D:4      | Killed a slave
  4190 | D:4      | Noticed Grinder
  4194 | D:4      | Paralysed by Grinder for 4 turns
  4201 | D:4      | HP: 22/51 [Grinder (4)]
  4210 | D:4      | HP: 19/51 [worker ant (3)]
  4212 | D:4      | Reached skill level 10 in Bows
  4216 | D:4      | HP: 17/51 [poisoned by a worker ant]
  4223 | D:4      | HP: 16/51 [poisoned by a worker ant]
  4231 | D:4      | HP: 15/51 [poisoned by a worker ant]
  4474 | D:4      | Noticed Dowan
  4477 | D:4      | Noticed Duvessa
  4480 | D:4      | Killed Dowan
  4507 | D:4      | Reached XP level 7. HP: 46/58 MP: 7/7
  4676 | D:4      | Found an iron altar of Okawaru.
  4782 | D:4      | Killed Duvessa
  4782 | D:4      | Reached skill level 4 in Fighting
  5440 | D:4      | Noticed Pikel
  5462 | D:4      | Killed Pikel
  5462 | D:4      | Reached skill level 5 in Fighting
  5462 | D:4      | Reached skill level 11 in Bows
  5462 | D:4      | Reached XP level 8. HP: 56/70 MP: 8/8
  5691 | D:4      | Paralysed by Grinder for 3 turns
  5699 | D:4      | Paralysed by Grinder for 3 turns
  5701 | D:4      | HP: 31/70 [Grinder (6)]
  5703 | D:4      | Killed Grinder
  5703 | D:4      | Reached skill level 6 in Fighting
  5978 | D:5      | Entered Level 5 of the Dungeon
  6090 | D:5      | Noticed a hippogriff
  6107 | D:5      | HP: 33/71 [hippogriff (8)]
  6108 | D:5      | Killed a hippogriff
  6108 | D:5      | Reached skill level 12 in Bows
  6119 | D:5      | HP: 35/71 [adder (1)]
  6324 | D:5      | Reached skill level 7 in Fighting
  6418 | D:5      | Found a staircase to the Ecumenical Temple.
  6468 | D:5      | Found an opulent altar of Gozag.
  6525 | Temple   | Entered the Ecumenical Temple
  6739 | Temple   | Became a worshipper of Cheibriados the Contemplative
  7094 | D:5      | HP: 35/73 [orc warrior/trident of piercing (2)]
  7490 | D:6      | Reached XP level 9. HP: 70/79 MP: 9/9
  7515 | D:6      | HP: 38/79 [river rat (7)]
  7524 | D:6      | HP: 33/79 [river rat (7)]
  7953 | D:6      | Reached skill level 13 in Bows
  8299 | D:7      | Reached skill level 8 in Fighting
  9002 | D:7      | HP: 41/82 [hippogriff/exploding inner flame[the player character] (23)]
  9002 | D:7      | HP: 17/82 [cloud of flame (24)]
  9368 | D:7      | Reached skill level 9 in Fighting
  9607 | D:7      | Reached skill level 14 in Bows
  9752 | D:7      | Reached skill level 2 in Dodging
  9927 | D:8      | Noticed Joseph
  9938 | D:8      | HP: 35/83 [Joseph/sling bullet (8)]
  9940 | D:8      | HP: 16/83 [Joseph/sling bullet (20)]
 10276 | D:8      | Noticed Psyche
 10285 | D:8      | Killed Psyche
 10285 | D:8      | Reached * piety under Cheibriados
 10310 | D:8      | Reached XP level 10. HP: 81/91 MP: 10/10
 10322 | D:8      | HP: 40/91 [killer bee (7)]
 10323 | D:8      | Was placed under penance by Cheibriados
 10327 | D:8      | HP: 45/138 [poisoned by a killer bee]
 10332 | D:8      | HP: 30/138 [poisoned by a killer bee]
 10335 | D:8      | Reached skill level 3 in Dodging
 10337 | D:8      | HP: 13/92 [poisoned by a killer bee]
 10338 | D:8      | HP: 6/92 [poisoned by a killer bee]
 10343 | D:8      | Was forgiven by Cheibriados
 10343 | D:8      | HP: 7/92 [poisoned by a killer bee]
 10350 | D:8      | HP: 6/92 [poisoned by a killer bee]
 10355 | D:8      | HP: 6/92 [poisoned by a killer bee]
 10672 | D:8      | Noticed Erica
 10684 | D:8      | Killed Erica
 10684 | D:8      | Reached skill level 10 in Fighting
 10964 | D:8      | Reached skill level 4 in Dodging
 10970 | D:8      | HP: 39/94 [hornet (11)]
 10975 | D:8      | HP: 33/94 [poisoned by a hornet]
 10979 | D:8      | HP: 15/94 [soldier ant (5)]
 10984 | D:8      | HP: 6/94 [poisoned by a soldier ant]
 10990 | D:7      | HP: 3/94 [poisoned by a soldier ant]
 10997 | D:7      | HP: 2/94 [poisoned by a soldier ant]
 11003 | D:7      | HP: 2/94 [poisoned by a soldier ant]
 11012 | D:7      | HP: 2/94 [poisoned by a soldier ant]
 11018 | D:7      | HP: 2/94 [poisoned by a soldier ant]
 11024 | D:7      | HP: 3/94 [poisoned by a soldier ant]
 11030 | D:7      | HP: 3/94 [poisoned by a soldier ant]
 11156 | D:7      | HP: 26/94 [orc wizard/magic dart (9)]
 11162 | D:7      | HP: 15/94 [/a scroll of torment (12)]
 11682 | D:8      | HP: 47/94 [poisoned by a soldier ant]
 11687 | D:8      | HP: 45/94 [poisoned by a soldier ant]
 11693 | D:8      | HP: 44/94 [poisoned by a soldier ant]
 11698 | D:8      | HP: 43/94 [poisoned by a soldier ant]
 11704 | D:8      | HP: 43/94 [poisoned by a soldier ant]
 11713 | D:8      | HP: 43/94 [poisoned by a soldier ant]
 11718 | D:8      | HP: 43/94 [poisoned by a soldier ant]
 11724 | D:8      | HP: 44/94 [poisoned by a soldier ant]
 11730 | D:8      | HP: 44/94 [poisoned by a soldier ant]
 12076 | D:9      | Found Ytayl's Assorted Antiques.
 12430 | D:9      | HP: 41/94 [orc warrior/halberd (22)]
 12445 | D:9      | Noticed Ajdolov's ghost (journeyman TrMo)
 12694 | D:9      | HP: 27/94 [Ajdolov's ghost (25)]
 13101 | D:10     | Entered Level 10 of the Dungeon
 13101 | D:10     | Found a staircase to the Lair.
 13101 | D:10     | Noticed a death yak
 13102 | D:10     | Noticed a death yak
 13102 | D:10     | Noticed a death yak
 13109 | D:10     | HP: 45/94 [death yak (16)]
 13111 | D:10     | HP: 19/94 [death yak (26)]
 13114 | D:10     | Noticed a gargoyle
 13122 | D:10     | Quit the game

Vanquished Creatures
  Erica (D:8)
  Pikel (D:4)
  Psyche (D:8)
  Grinder (D:4)
  2 hornets (D:8)
  3 hippogriffs
  A wyvern (D:8)
  A hungry ghost (D:7)
  A water moccasin (D:6)
  A soldier ant (D:8)
  2 orc warriors
  4 slaves (D:4)
  Duvessa (D:4)
  A sky beast (D:7)
  2 ice beasts (D:9)
  3 ogres
  2 centaurs
  A crocodile (D:7)
  A big kobold (D:7)
  2 scorpions
  Dowan (D:4)
  6 killer bees (D:8)
  4 howler monkeys
  7 crimson imps
  3 bullfrog zombies (D:6)
  2 hounds (D:4)
  3 jellies
  11 orc priests
  A bullfrog skeleton (D:5)
  5 orc wizards
  3 centaur skeletons
  An iguana (D:4)
  5 worker ants
  A killer bee zombie (D:7)
  Robin (D:3)
  A worker ant zombie (D:5)
  2 gnolls (D:4)
  A howler monkey skeleton (D:8)
  11 adders
  9 river rats (D:6)
  A shadow imp (D:9)
  2 oozes (D:3)
  2 adder zombies
  2 worms
  2 dart slugs
  4 leopard geckos
  30 orcs
  2 ball pythons
  7 giant cockroaches
  14 goblins
  16 hobgoblins
  7 jackals
  4 quokkas
  9 bats
  11 frilled lizards
  15 kobolds
  A quokka skeleton (D:5)
  18 rats
257 creatures vanquished.
